 Dungeon Crawl Stone Soup version 0.23-a0-436-g57debff (webtiles) character file.

18 Lavandula the Chucker (level 2, 19/19 HPs)
             Began as an Octopode Hunter on Nov 16, 2018.
             Quit the game on level 1 of the Dungeon.
             The game lasted 00:01:42 (501 turns).

Lavandula the Chucker (Octopode Hunter)              Turns: 501, Time: 00:01:42

Health: 19/19      AC:  1    Str: 11    XL:     2   Next: 70%
Magic:  2/2        EV: 13    Int: 13    God:
Gold:   25         SH:  0    Dex: 12    Spells: 1/1 levels left

rFire    . . .     SeeInvis .   f - +0 hunting sling (curse)
rCold    . . .     Gourm    .   (no shield)
rNeg     . . .     Faith    .   (helmet restricted)
rPois    .         Spirit   .   (no amulet)
rElec    .         Reflect  .   (no ring)
rCorr    .         Harm     .   (no ring)
MR       .....                  (no ring)
Stlth    +++.......             (no ring)
HPRegen  0.06/turn              (no ring)
MPRegen  0.08/turn              (no ring)
                                (no ring)
                                (no ring)

@: no status effects
A: almost no armour, stealthy swim, amphibious, 8 rings, constrict 8, camouflage
1, gelatinous body 1
a: no special abilities


You were on level 1 of the Dungeon.
You were not hungry.

You visited 1 branch of the dungeon, and saw 2 of its levels.

You collected 25 gold pieces.

Inventory:

Hand Weapons
 f - a cursed +0 hunting sling (weapon)
Missiles
 b - 6 javelins (quivered)
 c - 2 throwing nets
Scrolls
 a - a scroll of identify
Potions
 e - 2 potions of heal wounds
 g - a potion of curing {unknown}
Comestibles
 d - 2 rations


   Skills:
 - Level 2.0 Fighting
 - Level 4.0 Throwing
 - Level 2.0 Dodging
 - Level 1.3 Stealth
 + Level 2.2 Unarmed Combat


You had one spell level left.
You didn't know any spells.
Your spell library was empty.

Dungeon Overview and Level Annotations

Branches:
Dungeon (2/15)

Altars:


Innate Abilities, Weirdness & Mutations

You cannot wear most types of armour.
You are very stealthy in the water. (Stealth+)
You are amphibious.
You can wear up to eight rings at the same time.
You can use your tentacles to constrict eight enemies at once.
Your skin changes colour to match your surroundings (Stealth+).
Your rubbery body absorbs attacks. (AC +1, EV +1)


Message History

It is a scroll of identify.
e - 2 potions of heal wounds
b - 6 javelins (gained 1)
Things that are here:
a +0 dagger; a kobold corpse
Found a spear.
Found a scroll of identify.
Found a stone staircase leading down.
a - a scroll of identify
There is a stone staircase leading down here.
You climb downwards.
A rat comes into view.
Found a stone staircase leading up.
There is a stone staircase leading up here.
A kobold comes into view.
Found a ration.
There is a stone staircase leading up here.
You climb upwards.
An ooze comes into view.
There is a stone staircase leading down here.
Are you sure you want to abandon this character and quit the game? (Confirm

*,,,,,,,,,,,,,,,,,,
*,,,***************
*,,,* * *,,,* *
*#+#***** *
#.#*,,,* #.#*,,,*
#.##,,,**********
#@.+,,,,,,,,,,,,*
#.##,,,********,*
#.#***** *,*
#.#******** *,**
#.J,,,,,,,* *,,*
###******,* ***+*
*******,* #....
*,,,,,,,* #....
*,,,,,,,**##....


You could see an ooze (sleeping).

Vanquished Creatures
  An ooze (D:1)
  A dart slug (D:1)
  A leopard gecko (D:1)
  2 bats (D:1)
  A goblin (D:1)
  A hobgoblin (D:1)
  4 kobolds (D:1)
  A rat (D:1)
12 creatures vanquished.

Notes
Turn   | Place    | Note
-------+----------+-------------------------------------------
     0 | D:1      | Lavandula the Octopode Hunter began the quest for the Orb.
     0 | D:1      | Reached XP level 1. HP: 14/14 MP: 1/1
    39 | D:1      | Reached skill level 1 in Unarmed Combat
    41 | D:1      | Reached XP level 2. HP: 17/19 MP: 2/2
   501 | D:1      | Quit the game

Vault maps used:
D:1:      onia_arrival_mini_spirals
D:2:      grunt_gozag_statues, kennysheep_generic_room_10, uniq_robin,
          uniq_sigmund, uniq_terence

Skill      XL: |  1  2 |
---------------+-------+-----
Unarmed Combat | 1 2 |  2.2
Fighting       | |  2.0
Throwing       | |  4.0
Dodging        | |  2.0
Stealth        | |  1.3

Action                   || total
-------------------------++-------
Melee: Unarmed           ||    26
       Tentacles         ||     4
       Constrict         ||     4
Throw: Javelin           ||     3
  Use: Scroll            ||     2
 Stab: Sleeping          ||     3
Armor: Skin              ||     4
Dodge: Dodged            ||    26

Table legend:
 A = Non-vault XP
 B = Vault XP
 C = Vault XP percentage of total XP
 D = Non-vault monster count
 E = Vault monster count
 F = Vault count percentage of total count
                 A         B        C        D         E       F
            +---------+---------+-------+---------+---------+-------
      Total |      27 |       0 |   0.0 |      12 |       0 |   0.0
            +---------+---------+-------+---------+---------+-------
        D:1 |      27 |       0 |   0.0 |      12 |       0 |   0.0
            +---------+---------+-------+---------+---------+-------
